 Dungeon Crawl Stone Soup version 0.31-a0-180-g519b7de00c (webtiles) character file.

Game seed: 12740759310757298189

1461 tilp the Sneak (level 8, -7/61 HPs)
             Began as a Vampire Enchanter on June 19, 2023.
             Was a Follower of Wu Jian.
             Mangled by a komodo dragon (13 damage)
             ... on level 6 of the Dungeon.
             The game lasted 00:12:45 (6976 turns).

tilp the Sneak (Vampire Enchanter)                  Turns: 6976, Time: 00:12:46

Health: -7/61      AC:  5    Str:  2    XL:     8   Next: 48%
Magic:  1/15       EV: 13    Int: 19    God:    Wu Jian [*.....]
Gold:   268        SH:  0    Dex: 15    Spells: 5/16 levels left

rFire   + + +        a - +1 dagger
rCold   . . .        (no shield)
rNeg    . . .        b - +0 robe
rPois   +            r - +0 helmet "Fekil" {rPois rF+++ rC- Str-5}
rElec   .            m - scarf {rC+ rF+}
rCorr   .            (no gloves)
SInv    +            h - +1 pair of boots
Will    .....        (no amulet)
Stlth   ++++         t - ring of wizardry
HPRegen 0.50/turn    (no ring)
MPRegen 0.14/turn

%: wizardry (x1)
@: healing quickly, invisible
A: alive, fangs 3, see invisible, vampiric 2
a: Exsanguinate, Renounce Religion


You were on level 6 of the Dungeon.
You worshipped Wu Jian.
Wu Jian was aware of your devotion.
You visited 2 branches of the dungeon, and saw 7 of its levels.

You collected 317 gold pieces.
You spent 49 gold pieces at shops.

Inventory:

Hand Weapons
 a - a +1 dagger (weapon)
 s - the +7 whip "San Deetzog" {protect, Int+6}
   (You found it on level 4 of the Dungeon)

   Int:       It affects your intelligence (+6).
Missiles
 o - 9 poisoned darts (quivered)
 u - 2 boomerangs
Armour
 b - a +0 robe (worn)
 h - a +1 pair of boots (worn)
 m - a scarf of resistance (worn)
 q - a +0 helmet
 r - the +0 helmet "Fekil" (worn) {rPois rF+++ rC- Str-5}
   (You found it on level 3 of the Dungeon)

   Str:       It affects your strength (-5).
   rF:        It renders you almost immune to fire.
   rC:        It makes you vulnerable to cold.
   rPois:     It protects you from poison.
Jewellery
 t - a ring of wizardry (left hand)
Scrolls
 i - a scroll of torment
 j - 2 scrolls of revelation
 l - 2 scrolls of poison
 n - a scroll of identify
 p - 2 scrolls of fog
Potions
 c - 2 potions of invisibility
 d - 5 potions of curing
 e - a potion of mutation {unknown}
 f - a potion of ambrosia
 g - a potion of haste
 k - a potion of resistance
 v - a potion of lignification
 z - a potion of heal wounds


   Skills:
 * Level 4.4 Fighting
 * Level 5.5 Short Blades
 - Level 4.0 Dodging
 + Level 7.1 Stealth
 * Level 4.8 Spellcasting
 + Level 6.8 Hexes


You had 5 spell levels left.
You knew the following spells:

 Your Spells              Type           Power      Damage    Failure   Level
a - Ensorcelled Hibernat  Hex/Ice        34%        N/A       1%          2
b - Confusing Touch       Hex            30%        N/A       1%          3
c - Tukima's Dance        Hex            30%        N/A       1%          3
d - Dazzling Flash        Conj/Hex       34%        N/A       4%          3

Your spell library contained the following spells:

 Spells                   Type           Power      Damage    Failure   Level
 Kiss of Death            Conj/Necr      16%        2d6       5%          1
 Poisonous Vapours        Pois/Air       8%         N/A       8%          2
 Mephitic Cloud           Conj/Pois/Air  4%         N/A       16%         3
 Ozocubu's Armour         Ice            4%         N/A       16%         3
 Stone Arrow              Conj/Erth      8%         3d7       16%         3
 Metabolic Englaciation   Hex/Ice        8%         N/A       32%         5
 Animate Armour           Summ/Erth      8%         N/A       43%         4
 Dispel Undead            Necr           4%         3d7       43%         4
 Freezing Cloud           Conj/Ice/Air   2%         6-21      77%         5
 Simulacrum               Ice/Necr       2%         N/A       99%         6
 Lehudib's Crystal Spear  Conj/Erth      2%         10d2      100%        8


Dungeon Overview and Level Annotations

Branches:
Dungeon (6/15)             Temple (1/1) D:4

Altars:
Cheibriados
Dithmenos
Gozag
Hepliaklqana
Kikubaaqudgha
Makhleb
Nemelex Xobeh
Okawaru
Qazlal
Ru
Sif Muna
Uskayaw
Vehumet
Wu Jian
Xom
Yredelemnul

Shops:
D:4 *


Innate Abilities, Weirdness & Mutations

Your natural rate of healing is accelerated.
You have razor-sharp teeth.
You have supernaturally acute eyesight. (SInv)
You are afflicted with vampirism and can become a bat while bloodless.


Message History

Confirm with . or Enter, or press ? or * to list all spells.
You don't have enough magic to cast this spell.
Unknown command.
Unknown command.
You hit the komodo dragon but do no damage.
The komodo dragon bites you!
You hit the komodo dragon but do no damage.
Okay, then.
You aren't carrying any items that you can evoke.
Throw: 3 boomerangs (disperse)
Press: ? - help, Shift-Dir - straight line, f/p - komodo dragon
Aim: a komodo dragon (68% to hit)
You throw a boomerang of dispersal.
The boomerang of dispersal barely misses the komodo dragon.
The komodo dragon bites you but does no damage.
The komodo dragon bites you!
* * * LOW HITPOINT WARNING * * *
Throw: 2 boomerangs (disperse)
Press: ? - help, Shift-Dir - straight line, f/p - komodo dragon
Aim: a komodo dragon (68% to hit)
You throw a boomerang of dispersal.
The boomerang of dispersal closely misses the komodo dragon.
The komodo dragon bites you!
* * * LOW HITPOINT WARNING * * *
Unknown command.
Throw: boomerang (disperse)
Press: ? - help, Shift-Dir - straight line, f/p - komodo dragon
Aim: a komodo dragon (68% to hit)
You throw a boomerang of dispersal.
The boomerang of dispersal hits the komodo dragon and shatters, but does no damage.
The komodo dragon bites you!
* * * LOW HITPOINT WARNING * * *
Unknown command.
You don't have any such object.
Fire/throw/use which item? ([*] to toss any item) (? for menu, Esc to quit)
Okay, then.
Unknown command.
You fade into invisibility!
The komodo dragon bites you!
You die...

#####################
#...................#
.......####....#....#
.......#............###
...............)@.....#
...###.........l......#
...# #....#....#......#
...# #....#....#......#
...# #....##...########
#'####....##...#######
.....+....+.>........#
#.####....##.#######.#
#.######.....#### #.#


You could see a komodo dragon (unable to see you).

Vanquished Creatures
  Menkaure (D:5)
  A water moccasin (D:5)
  A black bear (D:5)
  A centaur (D:5)
  An ogre (D:4)
  A phantom (D:5)
  4 scorpions
  4 killer bees (D:6)
  3 orc priests
  A hound (D:5)
  Terence (D:3)
  3 orc wizards
  Robin (D:4)
  7 adders
  7 gnolls
  4 worms
  3 dart slugs
  10 orcs
  11 endoplasms
  3 giant cockroaches
  16 goblins
  12 hobgoblins
  10 kobolds
  4 quokkas
  9 ball pythons
  9 bats
  17 frilled lizards
  6 rats
151 creatures vanquished.

Notes
Turn   | Place    | Note
-------+----------+-------------------------------------------
     0 | D:1      | tilp the Vampire Enchanter began the quest for the Orb.
     0 | D:1      | Reached XP level 1. HP: 13/13 MP: 3/3
   122 | D:1      | Found a faded altar of an unknown god.
   217 | D:1      | Reached XP level 2. HP: 14/20 MP: 5/5
   220 | D:1      | Learned a level 2 spell: Ensorcelled Hibernation
   610 | D:1      | Found Tivupoog's Armour Shop.
  1133 | D:1      | Gained mutation: You are afflicted with vampirism and can
                  | become a bat while bloodless. [Vampire growth]
  1133 | D:1      | Reached XP level 3. HP: 25/25 MP: 1/6
  1401 | D:2      | Reached skill level 1 in Fighting
  1906 | D:2      | Reached XP level 4. HP: 19/32 MP: 1/7
  2214 | D:2      | Reached skill level 5 in Stealth
  2918 | D:3      | Identified the +0 helmet "Fekil" {rPois rF+++ rC- Str-5}
  3399 | D:3      | Found a radiant altar of Vehumet.
  3421 | D:3      | Reached skill level 5 in Hexes
  3421 | D:3      | Reached XP level 5. HP: 27/38 MP: 4/9
  3858 | D:3      | Noticed Terence
  3864 | D:3      | Killed Terence
  4217 | D:4      | Reached XP level 6. HP: 45/45 MP: 10/10
  4356 | D:4      | Found a staircase to the Ecumenical Temple.
  4367 | D:4      | Noticed Robin
  4415 | D:4      | Killed Robin
  4503 | D:4      | Identified the +7 whip "San Deetzog" {protect, Int+6}
  4513 | Temple   | Entered the Ecumenical Temple
  4679 | Temple   | Became a worshipper of the Wu Jian Council
  4711 | D:4      | Found Ohag's Assorted Antiques.
  4714 | D:4      | Bought a fuming emerald potion for 23 gold pieces
  4714 | D:4      | Bought a scroll labelled HIDORAGR VAOS for 26 gold pieces
  5041 | D:4      | Reached XP level 7. HP: 51/51 MP: 12/12
  5387 | D:4      | Reached skill level 6 in Stealth
  5670 | D:4      | Learned a level 3 spell: Confusing Touch
  5674 | D:4      | Learned a level 3 spell: Tukima's Dance
  5678 | D:4      | Learned a level 3 spell: Dazzling Flash
  5704 | D:5      | Entered Level 5 of the Dungeon
  5704 | D:5      | Found a shimmering altar of Xom.
  6510 | D:5      | Noticed Menkaure
  6516 | D:5      | Killed Menkaure
  6517 | D:5      | Reached XP level 8. HP: 60/60 MP: 14/14
  6638 | D:5      | Reached * piety under Wu Jian
  6639 | D:5      | Reached skill level 5 in Short Blades
  6879 | D:6      | Reached skill level 7 in Stealth
  6884 | D:6      | Noticed a komodo dragon
  6976 | D:6      | Mangled by a komodo dragon

Illustrated notes

Levels and vault maps discovered:
D:1:      dpeg_arrival_castle, layout_loops_corners,
          chequers_ecumenical_altar_simple, serial_shops,
          nicolae_shop_just_a_little_nook, hangedman_decor_points
D:2:      minmay_recursive_quarters, layout_rooms, minmay_lizard_king
D:3:      layout_basic, mainiacjoe_overflow_tiny_flanked, uniq_terence
D:4:      old_forge, layout_loops_corners, minmay_temple_entry_sparse_star,
          serial_shops, nicolae_shop_pleasant_corner_grove, uniq_robin
D:5:      layout_layer_cave, xom_teletrap_fun, uniq_menkaure
D:6:      layout_basic
Temple:   eino_temple_scatter_basement

Skill      XL: |  1  2  3  4  5  6  7  8 |
---------------+-------------------------+-----
Fighting       | 1 2 3 4 |  4.4
Short Blades   | 2 3 4 5 |  5.5
Stealth        | 5 6 7 |  7.1
Hexes          | 5 6 |  6.8
Dodging        | 3 4 |  4.0
Spellcasting   | 3 4 |  4.8

Action                     |  1- 3 |  4- 6 |  7- 9 || total
---------------------------+-------+-------+-------++-------
  Melee: Dagger            |   142 |   143 |    85 ||   370
         Bite              |    12 |    13 |     5 ||    30
         Punch             |     1 |     1 |     1 ||     3
  Throw: Stone             |     6 |       |       ||     6
         Dart              |       |     2 |       ||     2
         Boomerang         |       |       |     3 ||     3
   Cast: Ensorcelled Hiber |    34 |    57 |    40 ||   131
         Confusing Touch   |       |       |     1 ||     1
Ability: Lunge             |       |     2 |     8 ||    10
    Use: Scroll            |     7 |     4 |     5 ||    16
         Potion            |     1 |       |     1 ||     2
   Stab: Sleeping          |    26 |    44 |    30 ||   100
         Confused          |       |       |     1 ||     1
 Armour: Robe              |    24 |    31 |    11 ||    66
  Dodge: Dodged            |    78 |    78 |    46 ||   202

Table legend: (Time is in decaauts)
 A = Elapsed time spent in this place.
 B = Non-inter-level travel time spent in this place.
 C = Inter-level travel time spent in this place.
 D = Time resting spent in this place.
 E = Time spent auto-exploring this place.
 F = Levels seen in this place.
 G = Mean time per level.
                   A        B        C        D        E       F      G
               +--------+--------+--------+--------+--------+-----+--------+
         Total |   6935 |   6756 |    179 |    420 |   5049 |   7 |  990.7 |
       Dungeon |   6750 |   6619 |    131 |    420 |   4929 |   6 | 1125.0 |
        Temple |    184 |    136 |     48 |      0 |    120 |   1 |  184.0 |
               +--------+--------+--------+--------+--------+-----+--------+

Top non-repeatable levels by time:
     D:4: 1519 daAuts
     D:3: 1372 daAuts
     D:1: 1367 daAuts
     D:2: 1232 daAuts
     D:5: 1041 daAuts
     D:6: 217 daAuts
  Temple: 184 daAuts
